 Dungeon Crawl Stone Soup version 0.27.1-35-g4d5d836560 (webtiles) character file.

Game seed: 2599371637804887027

74 Delamore the Sneak (level 4, -5/29 HPs)
             Began as an Octopode Brigand on Apr 14, 2022.
             Slain by Grinder (8 damage)
             ... on level 3 of the Dungeon.
             The game lasted 00:01:19 (2139 turns).

Delamore the Sneak (Octopode Brigand)               Turns: 2139, Time: 00:01:20

Health: -5/29      AC:  1    Str: 10    XL:     4   Next: 30%
Magic:  4/4        EV: 12    Int: 13    God:
Gold:   32         SH:  0    Dex: 14    Spells: 3/3 levels left

rFire    . . .     SeeInvis .   e - +0 dagger (venom)
rCold    . . .     Faith    .   (no shield)
rNeg     . . .     Spirit   .   (helmet restricted)
rPois    .         Reflect  .   (no amulet)
rElec    .         Harm     .   (no ring)
rCorr    .         Rampage  .   (no ring)
Will     .....                  (no ring)
Stlth    ++++......             (no ring)
HPRegen  0.09/turn              (no ring)
MPRegen  0.09/turn              (no ring)
                                (no ring)
                                (no ring)

@: flying, hasted, very quick
A: almost no armour, amphibious, 8 rings, camouflage 1, gelatinous body 1,
(nimble swimmer 1), tentacles
a: no special abilities


You were on level 3 of the Dungeon.
You visited 1 branch of the dungeon, and saw 3 of its levels.

You collected 32 gold pieces.

Inventory:

Hand Weapons
 a - a +2 dagger
 e - a +0 dagger of venom (weapon)
Missiles
 b - 8 poisoned darts (quivered)
 c - 2 curare-tipped darts
Scrolls
 f - 2 scrolls of identify {unknown}
 j - a scroll of fear {unknown}
Potions
 h - a potion of curing {unknown}
 i - a potion of brilliance {unknown}
 k - a potion of ambrosia {unknown}


   Skills:
 - Level 2.0 Fighting
 * Level 3.8 Short Blades
 - Level 2.0 Throwing
 - Level 1.0 Dodging
 + Level 6.2 Stealth


You had 3 spell levels left.
You didn't know any spells.
Your spell library contained the following spells:

 Spells                   Type           Power      Damage    Failure   Level
 Fireball                 Conj/Fire      0%         3d3       100%        5
 Starburst                Conj/Fire      0%         6d3       100%        6
 Ignition                 Fire           0%         3d3       100%        8


Dungeon Overview and Level Annotations

Branches:
Dungeon (3/15)

Altars:

Annotations:
D:3 1 runed translucent door, Crazy Yiuf, Grinder


Innate Abilities, Weirdness & Mutations

You cannot wear most types of armour.
You are amphibious.
You can wear up to eight rings at the same time.
Your skin changes colour to match your surroundings (Stealth+).
Your rubbery body absorbs attacks. (AC +1, EV +1)
((You are camouflaged near water. (Stealth+)))
You have tentacles for arms and can constrict up to eight enemies at once.


Message History

You squeeze the orc.
You kill the orc!
No target in view!
No target in view!
No target in view!
No target in view!
No target in view!
No target in view!
Things that are here:
a +0 club; an orc corpse
Found 12 stones.
You see here 12 stones.
Found a mace.
Found a runed translucent door.
Crazy Yiuf shouts!
Found a scroll labelled TUCILO ICLAKK.
f - 2 scrolls labelled TUCILO ICLAKK (gained 1) Grinder comes into view.
Grinder is nearby!
Grinder shouts!
Grinder says, "I used to sell toenails on the black market."
Grinder hits you.
You writhe in agony.
You hit Grinder but do no damage.
Grinder is poisoned.
You grab Grinder. You squeeze Grinder.
Grinder is lightly wounded.
You constrict Grinder.
Grinder says, "Don't move a muscle."
Grinder gestures at you.
You suddenly lose the ability to move!
You lose your grip on Grinder.
Grinder hits you. Grinder completely misses you. Grinder hits you.
You writhe in agony.
You can move again.
It was a potion of flight.
You feel very buoyant.
You fly up into the air.
Grinder hits you.
* * * LOW HITPOINT WARNING * * *
You writhe in agony.
* * * LOW HITPOINT WARNING * * *
It was a potion of haste.
You feel yourself speed up. Grinder hits you!
You die...

#.# #.# #.# #.#
#.# #.# #.# #.#
#.# #.# #.# #.#
#.# #.# ###.###.#
#.# #.......# #.#
.#.#####.......#
#.#
......5@.......#
#.#
.#.#####.......+
#..
#.......#####.#.#
+.......+........
#.......#####.#..
........# #.#.#
........# # #.#
....... #.# #..


You could see Grinder (poisoned).

Vanquished Creatures
  2 adders (D:2)
  3 worms
  An orc (D:3)
  3 ball pythons
  2 endoplasms
  2 giant cockroaches (D:2)
  3 goblins (D:2)
  5 hobgoblins
  7 jackals
  8 kobolds
  3 bats
  2 frilled lizards
  A rat (D:3)
42 creatures vanquished.

Vanquished Creatures (others)
  A plant (D:2)
1 creature vanquished.

Grand Total: 43 creatures vanquished

Notes
Turn   | Place    | Note
-------+----------+-------------------------------------------
     0 | D:1      | Delamore the Octopode Brigand began the quest for the Orb.
     0 | D:1      | Reached XP level 1. HP: 14/14 MP: 1/1
   230 | D:1      | Reached XP level 2. HP: 17/19 MP: 2/2
   403 | D:1      | You fall into a shaft and drop 1 floor!
   409 | D:2      | Reached XP level 3. HP: 9/24 MP: 3/3
   950 | D:2      | Reached skill level 6 in Stealth
  1151 | D:2      | Reached XP level 4. HP: 25/29 MP: 4/4
  2041 | D:3      | Found a runed translucent door.
  2042 | D:3      | Noticed Crazy Yiuf
  2130 | D:3      | Noticed Grinder
  2134 | D:3      | Paralysed by Grinder for 3 turns
  2139 | D:3      | Slain by Grinder

Illustrated notes

Levels and vault maps discovered:
D:1:      dpeg_arrival_round_b, layout_basic
D:2:      minmay_door_path, layout_loops_ring, serial_bayou_lagoon_a
D:3:      layout_basic, shapermc_ecumenical_altar_mp_ritualfount, uniq_grinder,
          uniq_crazy_yiuf_cottage

Skill      XL: |  1  2  3 |
---------------+----------+-----
Short Blades   | 3 |  3.8
Stealth        | 6 |  6.2
Fighting       | |  2.0
Throwing       | |  2.0
Dodging        | |  1.0

Action                   |  1- 3 |  4- 6 || total
-------------------------+-------+-------++-------
Melee: Dagger            |    53 |    23 ||    76
       Constrict         |     9 |     5 ||    14
       Tentacles         |     9 |     6 ||    15
  Use: Potion            |       |     2 ||     2
 Stab: Sleeping          |    13 |     6 ||    19
       Distracted        |     1 |       ||     1
Dodge: Dodged            |    24 |     6 ||    30
